 Dungeon Crawl Stone Soup version 0.18.1-48-g4cf74bf (webtiles) character file.

27771 TenguReborn the Markstengu (level 13, -7/82 HPs)
             Began as a Tengu Berserker on Sept 6, 2016.
             Was a High Priest of Trog.
             Mangled by a fire elemental (8 damage)
             ... led by Azrael
             ... on level 13 of the Dungeon on Sept 7, 2016.
             The game lasted 01:30:42 (11263 turns).

TenguReborn the Markstengu (Tengu Berserker)       Turns: 11263, Time: 01:30:45

Health: -7/82      AC: 20    Str: 26    XL:     13   Next: 34%
Magic:  14/14      EV: 12    Int:  9    God:    Trog [*****.]
Gold:   933        SH:  0    Dex: 17    Spells: 0 memorised, 12 levels left

rFire  . . .     SeeInvis .     b - +10 longbow of Jiussack {flame, Str+6 Dex-2}
rCold  + . .     Gourm    .     y - +1 chain mail {rC+}
rNeg   . . .     Faith    .     (shield currently unavailable)
rPois  .         Spirit   .     f - +2 hat
rElec  .         Dismiss  .     x - +2 cloak
rCorr  +         Reflect  .     R - +0 pair of gloves (curse)
SustAt .         Harm     .     (boots unavailable)
MR     ++...                    (no amulet)
Stlth  ..........               S - ring of resist corrosion
                                o - +3 ring of slaying

@: regenerating, very resistant to hostile enchantments, extremely unstealthy
A: beak, horns 1, talons 3, agile 1, clever 1, mutation resistance 1, able to
fly 1
a: Fly, Berserk, Trog's Hand, Brothers in Arms, Burn Spellbooks, Renounce
Religion


You were on level 13 of the Dungeon.
You worshipped Trog.
Trog was extremely pleased with you.
You were hungry.

You visited 2 branches of the dungeon, and saw 14 of its levels.

You collected 933 gold pieces.

Inventory:

Hand Weapons
 a - a +0 quarterstaff
 b - the +10 longbow of Jiussack (weapon) {flame, Str+6 Dex-2}
   (Trog gifted it to you on level 8 of the Dungeon)

   It causes projectiles fired from it to burn those they strike, causing extra
   injury to most foes and up to half again as much damage against particularly
   susceptible opponents.
   It affects your strength (+6).
   It affects your dexterity (-2).
 J - the +0 war axe of Starshine {flame, rF+}
   (You found it on level 5 of the Dungeon)

   It has been specially enchanted to burn those struck by it, causing extra
   injury to most foes and up to half again as much damage against particularly
   susceptible opponents.
   Big, fiery blades are also staple armaments of hydra-hunters.
   It protects you from fire.
Missiles
 k - 277 arrows (quivered)
 L - 4 tomahawks
Armour
 f - a +2 hat (worn)
 x - a +2 cloak (worn)
 y - a +1 chain mail of cold resistance (worn)
 R - a cursed +0 pair of gloves (worn)
Jewellery
 o - a +3 ring of slaying (left hand)
 u - an uncursed ring of positive energy
 v - an uncursed ring of protection from cold
 w - an uncursed ring of stealth
 S - a ring of resist corrosion (right hand)
Wands
 l - a wand of flame (35/48)
 p - a wand of confusion (10/48)
 q - a wand of confusion (28/48)
 s - a wand of paralysis (18/24)
 D - a wand of disintegration (13/24)
 M - a wand of flame (25/48)
 U - a wand of polymorph (14/24)
Scrolls
 e - a scroll of brand weapon {unknown}
 g - a scroll of noise {unknown}
 j - 2 scrolls of vulnerability
 C - 2 scrolls of recharging {unknown}
 F - 3 scrolls of blinking
 G - 5 scrolls of teleportation
 H - 4 scrolls of remove curse
 O - a scroll of enchant weapon {unknown}
 P - a scroll of magic mapping
 Q - a scroll of torment {unknown}
Potions
 d - 2 potions of cancellation
 h - 3 potions of magic
 m - a potion of mutation {unknown}
 r - 3 potions of agility
 t - a potion of lignification {unknown}
 z - 2 potions of beneficial mutation {unknown}
 B - 2 potions of curing {unknown}
 E - 3 potions of haste {unknown}
 I - 2 potions of ambrosia {unknown}
 K - a potion of berserk rage {unknown}
 N - 2 potions of brilliance {unknown}
 T - a potion of invisibility {unknown}
Comestibles
 c - 7 bread rations
 i - 10 slices of pizza
 n - 3 meat rations
 V - a chunk of flesh


   Skills:
 - Level 10.0 Fighting
   Level 5.0 Polearms
 - Level 16.0 Bows
 + Level 12.6 Armour
 + Level 5.5 Dodging


You had 12 spell levels left.
You didn't know any spells.

Dungeon Overview and Level Annotations

Branches:
Dungeon (13/15)            Temple (0/1) D:6            Lair (0/8) D:11
    Orc (1/2) D:12
 Vaults: D:13-14

Altars:
Ashenzari
Cheibriados
Dithmenos
Gozag
Nemelex Xobeh
Okawaru
Ru
Trog
Xom
Zin
The Shining One

Shops:
D:3 *   D:8 [   D:9 ((   D:11 *


Innate Abilities, Weirdness & Mutations

You have a beak for a mouth.
You have claws for feet.
You can fly.
You have a pair of small horns on your head.
You are agile. (Dex +2)
Your mind is acute. (Int +2)
You are somewhat resistant to further mutation.


Message History

The orc dies!
Trog accepts your kill.
Firing (i - inventory. (,) - cycle):
k - 278 arrows (quivered)
Press: ? - help, Shift-Dir - straight line, f - fire elemental
Aim: a fire elemental You shoot an arrow.
The arrow barely misses the fire elemental.
Your troll is engulfed in roaring flames.
The fire elemental hits you. The fire elemental burns you!
* * * LOW HITPOINT WARNING * * *
The crimson imp blinks!
Unknown command.
Your skin crawls.
You feel resistant to hostile enchantments.
You feel slightly more hungry. The fire elemental hits you.
The fire elemental burns you!
* * * LOW HITPOINT WARNING * * *
Your troll is engulfed in roaring flames.
The fire elemental hits you. The fire elemental burns you!
You die...

#.#...................
#.####................
#.##..................
#.##...#.......#.###.#
#....######....#.. .#
##....# #.o# ##..÷### #..#
####....#### #..#
#.........@#######))#####.
#..........ET§.§.§.†.(§§§§
#..........######..§..#§.(
####.....#### #.....# .
#.....#### #.....# #######
#######


You could see a fire elemental and a friendly troll (berserk).

Vanquished Creatures
  2 hydras
  2 centaur warriors (D:13)
  A catoblepas (D:11)
  A deep elf knight (D:13)
  2 unseen horrors
  The ghost of MARSONE the Blocker, a novice GrFi (D:5)
  9 hill giants
  3 ugly things
  4 deep elf magi (D:13)
  2 cyclopes (D:11)
  A gargoyle (D:13)
  3 kobold demonologists
  3 yaktaurs (D:13)
  A troll (D:11)
  3 two-headed ogres
  A spriggan (D:11)
  A wyvern (D:8)
  A fire elemental (D:13)
  12 yaks (D:12)
  A basilisk (D:12)
  5 hungry ghosts
  A hippogriff (D:9)
  Grum (D:10)
  A water moccasin (D:7)
  2 hell hounds (D:11)
  5 orc warriors
  4 sky beasts
  4 black bears
  7 ogres
  6 ice beasts
  2 phantoms
  A wasp (D:12)
  3 wolves (D:10)
  8 centaurs
  A crocodile (D:12)
  8 big kobolds
  8 giant frogs
  7 scorpions
  A wyvern skeleton (D:10)
  5 killer bees (D:11)
  A water moccasin skeleton (D:10)
  4 crimson imps
  4 howler monkeys
  2 giant frog zombies
  10 hounds
  3 jellies
  A wasp zombie (D:13)
  4 orc priests
  3 centaur skeletons
  A giant frog skeleton (D:6)
  8 orc wizards
  2 iguanas (D:11)
  4 worker ants
  A killer bee zombie (D:11)
  A hound zombie (D:11)
  A hound skeleton (D:4)
  A worker ant zombie (D:11)
  A howler monkey skeleton (D:7)
  A howler monkey zombie (D:6)
  20 adders
  2 shadow imps
  An ooze (D:7)
  An adder zombie (D:9)
  An adder skeleton (D:4)
  4 worms
  A dart slug (D:2)
  5 giant geckos
  29 orcs
  5 giant cockroaches
  8 goblins
  9 hobgoblins
  7 jackals (D:6)
  4 quokkas
  2 ball pythons
  12 bats
  A giant gecko zombie (D:8)
  7 giant newts
  A jackal zombie (D:5)
  23 kobolds
  2 rats (D:3)
332 creatures vanquished.

Vanquished Creatures (collateral kills)
  Azrael (D:13)
  A fire elemental (D:13)
  2 hell hounds (D:13)
  An orc (D:13)
5 creatures vanquished.

Vanquished Creatures (others)
  A jelly (D:11)
  An orc wizard (D:8)
2 creatures vanquished.

Grand Total: 339 creatures vanquished

Notes
Turn   | Place    | Note
--------------------------------------------------------------
     0 | D:1      | TenguReborn the Tengu Berserker began the quest for the Orb.
     0 | D:1      | Reached XP level 1. HP: 14/14 MP: 2/2
   324 | D:1      | Reached XP level 2. HP: 16/19 MP: 3/3
   856 | D:2      | Reached XP level 3. HP: 23/23 MP: 4/4
   875 | D:2      | Reached ** piety under Trog
  1105 | D:2      | Reached skill level 5 in Polearms
  1140 | D:2      | Reached XP level 4. HP: 28/28 MP: 5/5
  2094 | D:3      | Gained mutation: You can fly. [Tengu growth]
  2094 | D:3      | Reached XP level 5. HP: 31/33 MP: 6/6
  2177 | D:3      | Reached *** piety under Trog
  2191 | D:3      | Found Zin's Purification Station.
  2192 | D:3      | Found a glowing silver altar of Zin.
  2490 | D:4      | Noticed an ogre
  2509 | D:4      | Killed an ogre
  2509 | D:4      | Reached XP level 6. HP: 39/39 MP: 7/7
  2922 | D:4      | Reached skill level 5 in Armour
  2933 | D:4      | Reached skill level 5 in Fighting
  3000 | D:5      | Entered Level 5 of the Dungeon
  3004 | D:5      | Reached XP level 7. HP: 44/44 MP: 8/8
  3012 | D:5      | Noticed MARSONE's ghost (novice GrFi)
  3036 | D:5      | Killed MARSONE's ghost
  3036 | D:5      | Reached skill level 5 in Bows
  3036 | D:5      | Reached XP level 8. HP: 41/49 MP: 6/9
  3132 | D:5      | Reached skill level 6 in Bows
  3254 | D:5      | Found an opulent altar of Gozag.
  3272 | D:5      | Reached skill level 7 in Bows
  3332 | D:5      | Reached **** piety under Trog
  3348 | D:5      | Found a sparkling altar of Nemelex Xobeh.
  3436 | D:5      | Found a shattered altar of Ashenzari.
  3481 | D:5      | Got a warped war axe
  3482 | D:5      | Identified the +0 war axe of Starshine {flame, rF+} (You found it on level 5 of the Dungeon)
  3627 | D:6      | Found a snail-covered altar of Cheibriados.
  3673 | D:6      | Found a bloodstained altar of Trog.
  3673 | D:6      | Found an iron altar of Okawaru.
  3706 | D:6      | Found a staircase to the Ecumenical Temple.
  3709 | D:6      | Reached skill level 8 in Bows
  4240 | D:6      | Reached XP level 9. HP: 53/54 MP: 10/10
  5654 | D:7      | Found a glowing golden altar of the Shining One.
  5910 | D:8      | Reached ***** piety under Trog
  6000 | D:8      | Noticed a two-headed ogre
  6018 | D:8      | Killed a two-headed ogre
  6018 | D:8      | Reached XP level 10. HP: 64/64 MP: 11/11
  6071 | D:8      | Found Nigurchot's Antique Armour Shop.
  6213 | D:8      | Received a gift from Trog
  6216 | D:8      | Got a warped longbow {god gift}
  6217 | D:8      | Identified the +10 longbow of Jiussack {flame, Str+6 Dex-2} (Trog gifted it to you on level 8 of the Dungeon)
  6761 | D:9      | Noticed a kobold demonologist
  6781 | D:9      | Noticed a green ugly thing
  6797 | D:9      | Reached skill level 9 in Bows
  6799 | D:9      | Killed a kobold demonologist
  6814 | D:9      | Killed a green ugly thing
  6817 | D:9      | Reached skill level 10 in Bows
  6958 | D:9      | Killed an unseen horror
  7012 | D:9      | Found Ykant's Weapon Shop.
  7071 | D:9      | Identified the Disquisition on Poisoning and Clay
  7096 | D:9      | Found a shimmering altar of Xom.
  7099 | D:9      | Found a sacrificial altar of Ru.
  7131 | D:9      | Found a shadowy altar of Dithmenos.
  7412 | D:9      | Found Xoiwk's Weapon Emporium.
  7516 | D:9      | Reached skill level 11 in Bows
  7586 | D:10     | Entered Level 10 of the Dungeon
  7641 | D:10     | Noticed a hill giant
  7645 | D:10     | Killed a hill giant
  7646 | D:10     | Reached XP level 11. HP: 59/68 MP: 12/12
  7745 | D:10     | Killed an unseen horror
  7745 | D:10     | Reached skill level 12 in Bows
  8211 | D:10     | Noticed Grum
  8225 | D:10     | Killed Grum
  8529 | D:11     | Reached skill level 13 in Bows
  8567 | D:11     | Received a gift from Trog
  8670 | D:11     | Gained mutation: You expend magic power (3 MP) to strengthen your wands. [mutagenic meat]
  8671 | D:11     | Gained mutation: Armour fits poorly on your strangely shaped body. [mutagenic meat]
  8672 | D:11     | Lost mutation: Armour fits poorly on your strangely shaped body. [potion of cure mutation]
  8672 | D:11     | Lost mutation: You expend magic power (3 MP) to strengthen your wands. [potion of cure mutation]
  8673 | D:11     | Gained mutation: You are agile. (Dex +2) [mutagenic meat]
  8674 | D:11     | Gained mutation: You have a pair of small horns on your head. [mutagenic meat]
  8675 | D:11     | Gained mutation: Your mind is acute. (Int +2) [mutagenic meat]
  8676 | D:11     | Gained mutation: You are somewhat resistant to further mutation. [mutagenic meat]
  8787 | D:11     | Noticed a hill giant
  8799 | D:11     | Killed a hill giant
  8842 | D:11     | Noticed a cyclops
  8881 | D:11     | Killed a cyclops
  9002 | D:11     | Noticed a catoblepas
  9201 | D:11     | Killed a catoblepas
  9201 | D:11     | Reached skill level 14 in Bows
  9226 | D:11     | Found Viub's Assorted Antiques.
  9265 | D:11     | Noticed a hill giant
  9275 | D:11     | Killed a hill giant
  9424 | D:11     | Noticed a hill giant
  9429 | D:11     | Killed a hill giant
  9431 | D:11     | Noticed a hill giant
  9444 | D:11     | Killed a hill giant
  9629 | D:11     | Found a staircase to the Lair.
  9765 | D:11     | Noticed a cyclops
  9769 | D:11     | Killed a cyclops
  9769 | D:11     | Reached skill level 15 in Bows
  9796 | D:11     | Reached XP level 12. HP: 66/73 MP: 13/13
 10116 | D:12     | Found a staircase to the Orcish Mines.
 10202 | D:12     | Reached skill level 16 in Bows
 10264 | D:12     | Reached skill level 10 in Armour
 10441 | D:12     | Noticed a five-headed hydra
 10445 | D:12     | Killed a five-headed hydra
 10508 | Orc:1    | Entered Level 1 of the Orcish Mines
 10796 | D:13     | Noticed a deep elf knight
 10807 | D:13     | Received a gift from Trog
 10825 | D:13     | Received a gift from Trog
 10828 | D:13     | Noticed a centaur warrior
 10832 | D:13     | Killed a centaur warrior
 10937 | D:13     | Killed a deep elf knight
 10988 | D:13     | Reached skill level 10 in Fighting
 10988 | D:13     | Reached XP level 13. HP: 54/82 MP: 14/14
 11100 | D:13     | Received a gift from Trog
 11203 | D:13     | Reached skill level 5 in Dodging
 11244 | D:13     | Noticed Azrael
 11253 | D:13     | Killed Azrael
 11263 | D:13     | HP: 1/82 [fire elemental[Azrael] (8)]
 11263 | D:13     | Mangled by a fire elemental

Skill      XL: |  1  2  3  4  5  6  7  8  9 10 11 12 13 |
---------------+----------------------------------------+-----
Polearms       | 4 5 |  5.0
Armour         | 3 4 5 6 9 11 12 | 12.6
Fighting       | 4 5 8 10 | 10.0
Bows           | 5 8 11 15 16 | 16.0
Dodging        | 5 |  5.5

Action                   |  1- 3 |  4- 6 |  7- 9 | 10-12 | 13-15 || total
-------------------------+-------+-------+-------+-------+-------++-------
Melee: Spear             |    75 |   127 |   252 |   118 |       ||   572
       Kick              |    11 |    30 |    87 |   101 |       ||   229
       Peck              |     9 |    19 |    45 |    52 |       ||   125
       Quarterstaff      |       |       |       |   168 |       ||   168
       Headbutt          |       |       |       |    19 |       ||    19
 Fire: Hunting sling     |       |     1 |       |       |       ||     1
       Shortbow          |       |       |    22 |       |       ||    22
       Longbow           |       |       |       |   205 |    65 ||   270
Throw: Stone             |     3 |     8 |       |       |       ||    11
       Tomahawk          |       |       |     1 |     2 |       ||     3
Invok: Berserk           |       |     1 |     5 |     9 |       ||    15
       Burn Spellbooks   |       |       |       |     3 |       ||     3
       Brothers in Arms  |       |       |       |     2 |     1 ||     3
       Trog's Hand       |       |       |       |       |     1 ||     1
 Abil: Fly               |       |     3 |     8 |    10 |       ||    21
Evoke: Wand              |       |       |     3 |       |       ||     3
  Use: Scroll            |       |     5 |     4 |     5 |       ||    14
       Potion            |       |       |       |     1 |     1 ||     2
 Stab: Distracted        |       |       |     1 |       |       ||     1
  Eat: Chunk             |     1 |     7 |    10 |    29 |       ||    47
       Beef jerky        |       |       |     2 |       |       ||     2
       Royal jelly       |       |       |     1 |       |       ||     1
       Meat ration       |       |       |       |     1 |       ||     1
       Pizza             |       |       |       |     1 |       ||     1
Armor: Ring mail         |     3 |       |       |       |       ||     3
       Animal skin       |     1 |       |       |       |       ||     1
       Chain mail        |    13 |    34 |   120 |   199 |     8 ||   374
Dodge: Dodged            |    11 |    34 |    64 |   151 |     8 ||   268
